 Dungeon Crawl Stone Soup version 0.17-a0-1515-gfae3d72 (webtiles) character file.

966 xsansara the Skirmisher (level 7, -12/58 HPs)
             Began as a Demonspawn Wanderer on July 12, 2015.
             Was a Believer of Vehumet.
             Mangled by an orc wizard
             ... wielding a +1 dagger of electrocution
              (18 damage)
             ... on level 5 of the Dungeon.
             The game lasted 00:20:23 (6400 turns).

xsansara the Skirmisher (Demonspawn Wanderer)       Turns: 6400, Time: 00:20:23

Health: -12/58     AC: 11    Str: 18    XL:     7   Next: 93%
Magic:  7/7        EV:  9    Int: 16    God:    Vehumet [**....]
Gold:   176        SH:  0    Dex: 11    Spells: 1 memorised, 5 levels left

rFire  . . .     SeeInvis +     A - +1 morningstar
rCold  . . .     Clarity  .     a - +2 scale mail
rNeg   . . .     SustAt   .     (no shield)
rPois  .         Gourm    .     (helmet restricted)
rElec  .         Spirit   .     x - +0 cloak
rCorr  .         Warding  .     u - +0 pair of gloves
rMut   .         Stasis   .     (no boots)
MR     .....                    (no amulet)
Stlth  ..........               E - +5 ring of strength
                                B - ring of see invisible

@: not resistant to hostile enchantments, extremely unstealthy
A: antennae 1, molten scales 1, demonic guardian 1
a: Renounce Religion


You were on level 5 of the Dungeon.
You worshipped Vehumet.
Vehumet was pleased with you.
You were hungry.

You visited 1 branch of the dungeon, and saw 5 of its levels.

You collected 176 gold pieces.

Inventory:

Hand weapons
 d - a +0 club
 p - a +0 halberd of venom
 s - a +3 whip
 y - a +0 blowgun
 A - a +1 morningstar (weapon)
Missiles
 v - 8 javelins (quivered)
 z - 18 poisoned needles
 C - 5 tomahawks
Armour
 a - a +2 scale mail (worn)
 l - a +3 ring mail
 u - a +0 pair of gloves (worn)
 w - a cursed -1 chain mail
 x - a +0 cloak (worn)
 G - a +2 chain mail of fire resistance
Jewellery
 B - a ring of see invisible (left hand)
 E - a +5 ring of strength (right hand)
 F - an uncursed ring of sustain attributes
Scrolls
 e - a scroll of enchant weapon
 f - a scroll of teleportation
 g - 2 scrolls of amnesia
 i - a scroll of recharging
 k - a scroll of enchant armour {unknown}
 m - a scroll of noise {unknown}
 H - a scroll of blinking {unknown}
 I - a scroll of immolation {unknown}
Potions
 b - 2 potions of curing
 c - 2 potions of lignification
 h - a potion of ambrosia
 j - 2 potions of brilliance
 r - a potion of cancellation {unknown}
 D - a potion of berserk rage {unknown}
Comestibles
 o - 7 bread rations
 t - a slice of pizza


   Skills:
 + Level 6.1 Fighting
   Level 1.0(3.4) Axes
 + Level 5.3(5.4) Maces & Flails
 - Level 1.0 Throwing
 - Level 1.7 Armour
 - Level 1.0 Unarmed Combat
 + Level 4.7 Conjurations
   Level 1.0 Evocations


You had 5 spell levels left.
You knew the following spells:

 Your Spells              Type           Power        Failure   Level  Hunger
a - Shock                 Conj/Air       #...         34%         1    ##.....


Dungeon Overview and Level Annotations

Branches:
Dungeon (5/15)             Temple (0/1) D:5

Altars:
Ru
Vehumet
The Shining One


Innate Abilities, Weirdness & Mutations

You have a pair of small antennae on your head.
You are partially covered in molten scales (AC +1).
A weak demonic guardian rushes to your aid.


Message History

You puncture the orc!
You kill the orc!
Vehumet accepts your kill. The orc wizard closely misses you.
The orc wizard hits you but does no damage.
You are electrocuted!
You barely miss the orc wizard.
The orc wizard hits you but does no damage.
You are electrocuted!
* * * LOW HITPOINT WARNING * * *
You closely miss the orc wizard. The orc wizard casts a spell at you.
The magic dart hits you!
* * * LOW HITPOINT WARNING * * *
You closely miss the orc wizard. The orc wizard misses you.
You sock the orc wizard!
The orc wizard is severely wounded.
The orc wizard hits you but does no damage. x2
You are electrocuted!
You die...

###### #.#..## #####.#..#.
#........## ###### #.#####....
###########....#######.....#####
#..............@)...............
#......####.##o#######...#.#.###
#......##...##.# #.###...#
#>.........###.### #.# #####
##.##..#.........# #.#
#.....#.........# #.#
####.##.........# #.#
####............# #.#
##.....#.#.......# #.#


You could see an orc wizard (invisible).

Vanquished Creatures
  Grinder (D:3)
  A hungry ghost (D:3)
  Menkaure (D:4)
  The ghost of cireshan the Conjurer, an average DECj of Sif Muna (D:3)
  A sky beast (D:5)
  A crimson imp (D:5)
  An orc priest (D:3)
  2 iguanas
  A hound (D:4)
  An orc wizard (D:4)
  A worker ant (D:4)
  12 adders
  An ooze (D:1)
  2 worms (D:2)
  2 giant geckos
  17 orcs
  12 bats
  A bat skeleton (D:3)
  3 giant cockroaches
  10 hobgoblins
  2 quokkas
  4 giant newts
  10 goblins
  A jackal skeleton (D:4)
  11 kobolds
  15 rats
115 creatures vanquished.

Vanquished Creatures (collateral kills)
  A giant gecko (D:3)
  A quokka (D:3)
  A rat (D:3)
3 creatures vanquished.

Grand Total: 118 creatures vanquished

Notes
Turn   | Place    | Note
--------------------------------------------------------------
     0 | D:1      | xsansara the Demonspawn Wanderer began the quest for the Orb.
     0 | D:1      | xsansara set off with: a +2 scale mail, a potion of curing, a potion of lignification, a +0 club, a bread ration
     0 | D:1      | Reached XP level 1. HP: 19/19 MP: 1/1
     0 | D:1      | Found a glowing golden altar of the Shining One.
    93 | D:1      | Reached skill level 1 in Maces & Flails
   196 | D:1      | Gained mutation: You have a pair of small antennae on your head. [demonic ancestry]
   196 | D:1      | Reached XP level 2. HP: 19/25 MP: 2/2
  1402 | D:2      | Gained mutation: You are partially covered in molten scales (AC +1). [demonic ancestry]
  1402 | D:2      | Reached XP level 3. HP: 12/30 MP: 3/3
  1821 | D:2      | Found a faded altar to an unknown god.
  1990 | D:2      | Became a worshipper of Vehumet
  1990 | D:2      | Acquired Vehumet's first power
  1990 | D:2      | Offered knowledge of Shock by Vehumet.
  1993 | D:2      | Learned a level 1 spell: Shock
  2144 | D:2      | HP: 1/30 [poisoned by an adder]
  2686 | D:2      | Reached XP level 4. HP: 33/37 MP: 4/4
  3020 | D:3      | Noticed a hungry ghost
  3060 | D:3      | Killed a hungry ghost
  3060 | D:3      | Gained mutation: A weak demonic guardian rushes to your aid. [demonic ancestry]
  3060 | D:3      | Reached XP level 5. HP: 28/43 MP: 5/5
  3447 | D:3      | Noticed Grinder
  3517 | D:3      | Paralysed by Grinder for 4 turns
  3530 | D:3      | Killed Grinder
  3530 | D:3      | Reached skill level 5 in Fighting
  3530 | D:3      | Reached XP level 6. HP: 34/51 MP: 6/6
  3691 | D:3      | Noticed cireshan's ghost (average DECj)
  3713 | D:3      | Killed cireshan's ghost
  3713 | D:3      | Offered knowledge of Flame Tongue by Vehumet.
  4100 | D:3      | Reached XP level 7. HP: 45/56 MP: 7/7
  4712 | D:4      | Noticed Menkaure
  4727 | D:4      | Killed Menkaure
  4727 | D:4      | Reached skill level 5 in Maces & Flails
  5643 | D:5      | Entered Level 5 of the Dungeon
  5644 | D:5      | Found a staircase to the Ecumenical Temple.
  5669 | D:5      | Found a sacrificial altar of Ru.
  5787 | D:5      | Offered knowledge of Throw Frost by Vehumet.
  5875 | D:5      | Reached skill level 6 in Fighting
  6400 | D:5      | Mangled by an orc wizard

Vault maps used:
D:1:      sevenhm_arrival_forest_fort_small_6, minmay_misc_feat_diagonals,
          st_stairs_11
D:2:      first_bread, ecumenical_altar_2
D:3:      kennysheep_six_static_rooms, nrook_uturn, moated_statue, uniq_grinder
D:4:      uniq_menkaure
D:5:      minmay_temple_entry_mist, hangedman_ru_absence

Action                   |  1- 3 |  4- 6 |  7- 9 || total
-------------------------+-------+-------+-------++-------
Melee: Club              |   211 |       |       ||   211
       Whip              |    28 |   171 |    92 ||   291
       Morningstar       |       |       |    97 ||    97
Throw: Tomahawk          |    11 |     5 |     6 ||    22
 Cast: Shock             |       |       |     1 ||     1
  Use: Scroll            |       |       |     7 ||     7
  Eat: Bread ration      |     1 |       |       ||     1
       Chunk             |     1 |     8 |     7 ||    16
